 Dungeon Crawl Stone Soup version 0.19-a0-1732-g0b18a7b (webtiles) character file.

174 junb69 the Skirmisher (level 5, 0/52 HPs)
             Began as a Naga Abyssal Knight on Sept 30, 2016.
             Was a Believer of Lugonu.
             Succumbed to a kobold's poison
             ... on level 2 of the Dungeon.
             The game lasted 00:06:17 (3269 turns).

junb69 the Skirmisher (Naga Abyssal Knight)         Turns: 3269, Time: 00:06:18

Health: 0/52       AC:  4    Str: 14 (16) XL:     5   Next: 54%
Magic:  6/6        EV:  6    Int: 10 (12) God:    Lugonu [**....]
Gold:   86         SH:  9    Dex:  7 (10) Spells: 0 memorised, 4 levels left

rFire  . . .     SeeInvis +     w - +0 flail
rCold  . . .     Gourm    .     b - +0 leather armour
rNeg   . . .     Faith    .     x - +0 shield
rPois  +         Spirit   .     t - +0 helmet
rElec  .         Dismiss  .     (no cloak)
rCorr  .         Reflect  +     (no gloves)
MR     .....     Harm     .     (no barding)
Stlth  +.........               d - +3 amulet of reflection
                                u - +1 ring of slaying
                                i - ring of poison resistance (curse)

@: lethally poisoned (0 -> -5), short of breath, very slightly contaminated,
invisible, very slow
A: see invisible, deformed body, poison resistance, slowness 2, slow metabolism
1, spit poison 1, AC +1
a: Spit Poison, Depart the Abyss, Bend Space, Renounce Religion


You were on level 2 of the Dungeon.
You worshipped Lugonu.
Lugonu was pleased with you.
You were not hungry.

You visited 1 branch of the dungeon, and saw 2 of its levels.
You visited the Abyss 1 time.

You collected 86 gold pieces.

Inventory:

Hand Weapons
 w - a +0 flail (weapon)
Missiles
 m - 83 stones (quivered)
Armour
 b - a +0 leather armour (worn)
 t - a +0 helmet (worn)
 x - a +0 shield (worn)
Jewellery
 d - a +3 amulet of reflection (around neck)
 i - a cursed ring of poison resistance (left hand)
 u - a +1 ring of slaying (right hand)
Scrolls
 e - 5 scrolls of remove curse
 f - a scroll of fog {unknown}
 g - 3 scrolls of identify
 k - a scroll of amnesia {unknown}
 l - a scroll of recharging {unknown}
 n - a scroll of noise {unknown}
 p - a scroll of blinking {unknown}
 q - 2 scrolls of random uselessness {unknown}
 v - a scroll of teleportation {unknown}
Comestibles
 a - a chunk of flesh
 c - a bread ration
 h - a beef jerky
 j - a meat ration


   Skills:
 * Level 5.0 Fighting
 * Level 3.9 Maces & Flails
 - Level 1.5 Armour
 - Level 0.7 Dodging
 - Level 2.0 Invocations


You had 4 spell levels left.
You didn't know any spells.

Dungeon Overview and Level Annotations

Branches:
Dungeon (2/15)

Altars:

Annotations:
D:2 1 runed door


Innate Abilities, Weirdness & Mutations

You cannot wear boots.
Your serpentine skin is tough. (AC +1)
You have supernaturally acute eyesight. (SInv)
Armour fits poorly on your strangely shaped body.
Your system is resistant to poisons. (rPois)
You cover ground very slowly.
You have a slow metabolism.
You can spit poison.


Message History

* * * LOW HITPOINT WARNING * * *
You feel sick.
Press: ? - help, Shift-Dir - straight line, f/p - gnoll
Aim: a gnoll, wielding a spear (heavily wounded)
The splash of poison misses the gnoll.
You feel slightly more hungry.
* * * LOW HITPOINT WARNING * * *
You feel sick. You block the gnoll's attack.
You hit the gnoll.
The gnoll is severely wounded.
* * * LOW HITPOINT WARNING * * *
You feel sick. The gnoll hits you with a spear.
* * * LOW HITPOINT WARNING * * *
You hit the gnoll.
You kill the gnoll!
Lugonu accepts your kill.
Your Fighting skill increases to level 5!
As you read the scroll labeled FYHEIG YROPHOA, it crumbles to dust.
It is a scroll of identify.
e - 5 scrolls of remove curse You die...

.#######.#
#.#### #.# .#
#.# #....# #.#
## #.# ####.#
#.# #### #.# #.#
#.# ..g#####.##
#.###.#
##........#
##.#.##.#
##..###...#
#####.#.#.#)#
....# #...#
#....#.###..#
##..###...##
#@###.#.#.###
##.........# #)#
##.#.##
...........# #.#
##..#
....>..###.# #.#
##.# ##..... ...
##.#### #.#
##.#### #..#
#...).# #.# ...#
#..# #.....# #.#
##.....
...............#
....
...........##.##


There were no monsters in sight!

Vanquished Creatures
  Jessica (D:2)
  Robin (D:1)
  7 gnolls
  A worm (D:2)
  2 dart slugs
  2 leopard geckos
  3 giant cockroaches (D:1)
  15 goblins
  7 hobgoblins (D:2)
  2 jackals (D:2)
  A quokka (D:2)
  2 bats (D:1)
  3 frilled lizards
  6 kobolds
  7 rats (D:1)
60 creatures vanquished.

Notes
Turn   | Place    | Note
-------+----------+-------------------------------------------
     0 | Abyss:1  | junb69 the Naga Abyssal Knight began the quest for the Orb.
     0 | Abyss:1  | Reached XP level 1. HP: 21/21 MP: 2/2
    33 | Abyss:1  | Noticed a large abomination
    34 | D:1      | Escaped the Abyss
   113 | D:1      | Reached * piety under Lugonu
   264 | D:1      | Reached XP level 2. HP: 24/28 MP: 3/3
  1092 | D:1      | Reached XP level 3. HP: 32/36 MP: 4/4
  1462 | D:2      | Noticed Robin
  1626 | D:1      | Killed Robin
  1626 | D:1      | Reached skill level 4 in Fighting
  1857 | D:1      | Reached XP level 4. HP: 27/44 MP: 5/5
  2018 | D:1      | Reached ** piety under Lugonu
  2059 | D:2      | Found a runed door.
  3118 | D:1      | Reached XP level 5. HP: 44/51 MP: 6/6
  3209 | D:2      | Noticed Jessica
  3210 | D:2      | Killed Jessica
  3266 | D:2      | HP: 2/51 [poisoned by a kobold]
  3268 | D:2      | Reached skill level 5 in Fighting
  3269 | D:2      | Succumbed to a kobold's poison

Vault maps used:
D:1:      lemuel_arrival_broad_hall
D:2:      minmay_ruptured, uniq_robin, uniq_jessica, uniq_crazy_yiuf_cottage

Skill      XL: |  1  2  3  4  5 |
---------------+----------------+-----
Fighting       | 4 5 |  5.0
Maces & Flails | 3 |  3.9
Armour         | |  1.5
Dodging        | |  0.7
Invocations    | |  2.0

Action                   |  1- 3 |  4- 6 || total
-------------------------+-------+-------++-------
Melee: Mace              |    96 |    65 ||   161
       Flail             |       |    24 ||    24
Throw: Stone             |    24 |    20 ||    44
Invok: Depart the Abyss  |     1 |       ||     1
       Bend Space        |       |     1 ||     1
 Abil: Spit Poison       |     3 |     7 ||    10
  Use: Potion            |       |     3 ||     3
       Scroll            |       |     1 ||     1
  Eat: Chunk             |     2 |     4 ||     6
Armor: Leather armour    |    39 |    18 ||    57
Dodge: Dodged            |    75 |    41 ||   116
Block: Other             |    18 |     6 ||    24
       Reflection        |     1 |     1 ||     2
       Shield            |       |    18 ||    18
